| TOP OF THE 1ST |
|
Miami Beach Marlins batting - Pitching for Tijuana Toros : RHP Steve Powell
|
|
Pitching: RHP Steve Powell
|
|
|
Batting: RHB Torquato Uso
|
0-0: Foul Ball, location: 2F 0-1: Ball 1-1: Called Strike 1-2: Foul Ball, location: 2F 1-2: Ball 2-2: Foul Ball, location: 2F 2-2: Foul Ball, location: 2F 2-2: Ball 3-2: Strikes out swinging
|
|
Batting: RHB Corbin Chauvin
|
0-0: Ball 1-0: Ground out 6-3 (Groundball, 6, EV 106.9 MPH)
|
|
Pinch Hitting: RHB Cody Leonard
|
0-0: Foul Ball, location: 2F 0-1: Fly out, F6 (Popup, P, EV 79.4 MPH)
|
| Top of the 1st over - 0 runs, 0 hits, 0 errors, 0 left on base; Miami Beach 0 - Tijuana 0 |
| BOTTOM OF THE 1ST |
|
Tijuana Toros batting - Pitching for Miami Beach Marlins : RHP Conrad Chasar
|
|
Pitching: RHP Conrad Chasar
|
|
|
Now in RF: Troy Bush
|
|
|
Batting: RHB Jerry Afghani
|
0-0: Called Strike 0-1: Swinging Strike 0-2: Ball 1-2: Ball 2-2: SINGLE (Groundball, 3S, EV 75.6 MPH) (infield hit)
|
|
Batting: RHB Guo Kwok
|
0-0: Ball 1-0: Ball 2-0: Fly out, F7 (Flyball, 7S, EV 77.5 MPH)
|
|
Batting: RHB Shiki Nomoto
|
0-0: Ball 1-0: Foul Ball, location: 2F 1-1: Swinging Strike 1-2: Ball 2-2: Fly out, F8 (Line Drive, 8LS, EV 87.5 MPH)
|
|
Batting: RHB John Hanson
|
0-0: Ball Jerry Afghani steals 2nd base 1-0: Ball 2-0: Foul Ball, location: 2F 2-1: Foul Ball, location: 2F 2-2: Foul Ball, location: 2F 2-2: SINGLE (Groundball, 6D, EV 100.6 MPH) Jerry Afghani to third Runner from 3rd tries for Home, SAFE, throw by CF to home
|
|
Batting: RHB Tan-ming Kwan
|
0-0: Called Strike 0-1: Swinging Strike 0-2: Ball 1-2: Ball 2-2: Strikes out swinging
|
| Bottom of the 1st over - 1 run, 2 hits, 0 errors, 1 left on base; Miami Beach 0 - Tijuana 1 |
| TOP OF THE 2ND |
|
Miami Beach Marlins batting - Pitching for Tijuana Toros : RHP Steve Powell
|
|
Batting: RHB Scott Talbot
|
0-0: Called Strike 0-1: Ball 1-1: Called Strike 1-2: SOLO HOME RUN (Flyball, 7LD, EV 96.9 MPH), Distance : 371 ft
|
|
Batting: LHB Henry Huezo
|
0-0: Ball 1-0: Ball 2-0: Ball 3-0: Called Strike 3-1: Called Strike 3-2: Ground out 6-3 (Groundball, 4M, EV 84.4 MPH)
|
|
Batting: RHB Josh Jones
|
0-0: Foul Ball, location: 2F 0-1: Swinging Strike 0-2: Foul Ball, location: 2F 0-2: Foul Ball, location: 2F 0-2: Foul Ball, location: 2F 0-2: Ball 1-2: Ball 2-2: SINGLE (Line Drive, 8LS, EV 105.6 MPH)
|
|
Batting: RHB Francisco Valenzuela
|
0-0: Fielders Choice at 2nd, 4-6 (Groundball, 4S, EV 89.4 MPH)
|
|
Batting: RHB Xin Zhang
|
0-0: Ball 1-0: Called Strike Francisco Valenzuela is caught stealing 2nd base 2-4
|
| Top of the 2nd over - 1 run, 2 hits, 0 errors, 0 left on base; Miami Beach 1 - Tijuana 1 |
| BOTTOM OF THE 2ND |
|
Tijuana Toros batting - Pitching for Miami Beach Marlins : RHP Conrad Chasar
|
|
Batting: RHB Mario Diaz
|
0-0: Ball 1-0: Called Strike 1-1: Ground out 4-3 (Groundball, 4, EV 86.9 MPH)
|
|
Batting: RHB Gaylord Wray
|
0-0: Foul Ball, location: 2F 0-1: Foul Ball, location: 2F 0-2: Ball 1-2: Foul Ball, location: 2F 1-2: Ball 2-2: Foul Ball, location: 2F 2-2: Ground out 6-3 (Groundball, 6, EV 80.6 MPH)
|
|
Batting: RHB Clay Holgate
|
0-0: Ball 1-0: Foul Ball, location: 2F 1-1: Called Strike 1-2: Foul Ball, location: 2F 1-2: Foul Ball, location: 2F 1-2: Ball 2-2: Foul Ball, location: 2F 2-2: Strikes out swinging
|
| Bottom of the 2nd over - 0 runs, 0 hits, 0 errors, 0 left on base; Miami Beach 1 - Tijuana 1 |
| TOP OF THE 3RD |
|
Miami Beach Marlins batting - Pitching for Tijuana Toros : RHP Steve Powell
|
|
Batting: RHB Xin Zhang
|
0-0: TRIPLE (Groundball, 5L, EV 107.5 MPH)
|
|
Batting: RHB Hektor Luvian
|
0-0: Ball 1-0: Called Strike 1-1: SINGLE (Groundball, 4D, EV 102.5 MPH) Xin Zhang scores
|
|
Batting: RHB Torquato Uso
|
0-0: Called Strike 0-1: Ball 1-1: Ball 2-1: Foul Ball, location: 2F 2-2: Foul Ball, location: 2F 2-2: Ball 3-2: Foul Ball, location: 2F 3-2: Base on Balls Hektor Luvian to second
|
|
Batting: RHB Corbin Chauvin
|
0-0: Ball 1-0: Foul Ball, location: 2F 1-1: Swinging Strike 1-2: Ball 2-2: Ball 3-2: Foul Ball, location: 2F 3-2: Base on Balls Hektor Luvian to third Torquato Uso to second
|
|
Batting: RHB Troy Bush
|
0-0: Ball 1-0: SINGLE (Groundball, 4, EV 98.8 MPH) Hektor Luvian scores Torquato Uso to third Corbin Chauvin to second Runner from 3rd tries for Home, SAFE, throw by CF to home
|
|
Batting: RHB Scott Talbot
|
0-0: Foul Ball, location: 2F 0-1: Swinging Strike 0-2: Ball 1-2: Ball 2-2: DOUBLE (Line Drive, 89D, EV 105.6 MPH) Corbin Chauvin scores Troy Bush to third
|
|
Batting: LHB Henry Huezo
|
0-0: Called Strike 0-1: Foul Ball, location: 2F 0-2: Fly out, F7 (Flyball, 7, EV 85.6 MPH)
|
|
Batting: RHB Josh Jones
|
0-0: Ball 1-0: Ball 2-0: Swinging Strike 2-1: Swinging Strike 2-2: Foul Ball, location: 2F 2-2: Foul Ball, location: 2F 2-2: Strikes out swinging
|
|
Batting: RHB Francisco Valenzuela
|
0-0: Hit by Pitch
|
|
Batting: RHB Xin Zhang
|
0-0: Ball 1-0: Ball 2-0: Ball 3-0: Called Strike 3-1: Foul Ball, location: 2F 3-2: Foul Ball, location: 2F 3-2: Ground out 6-3 (Groundball, 6D, EV 88.1 MPH)
|
| Top of the 3rd over - 4 runs, 4 hits, 0 errors, 3 left on base; Miami Beach 5 - Tijuana 1 |
| BOTTOM OF THE 3RD |
|
Tijuana Toros batting - Pitching for Miami Beach Marlins : RHP Conrad Chasar
|
|
Batting: LHB Gerardo Arriaga
|
0-0: SINGLE (Groundball, 6M, EV 79.4 MPH) (infield hit)
|
|
Batting: RHB Jerry Afghani
|
0-0: Ball 1-0: TRIPLE (Flyball, 8RXD, EV 90.0 MPH) Gerardo Arriaga scores
|
|
Batting: RHB Guo Kwok
|
0-0: Called Strike 0-1: Swinging Strike 0-2: Strikes out looking
|
|
Batting: RHB Shiki Nomoto
|
0-0: Ball 1-0: Foul Ball, location: 2F 1-1: Ball 2-1: Ball 3-1: SINGLE (Groundball, 6D, EV 106.9 MPH) Jerry Afghani scores
|
|
Batting: RHB John Hanson
|
0-0: Ball 1-0: Foul Ball, location: 2F 1-1: Ball 2-1: Ball 3-1: Fly out, F8 (Flyball, 8LD, EV 84.4 MPH)
|
|
Batting: RHB Tan-ming Kwan
|
0-0: Foul Ball, location: 2F 0-1: Ball 1-1: Hit by Pitch Shiki Nomoto to second
|
|
Pinch Runner at 1st Erick Hamburger:
|
|
|
Batting: RHB Mario Diaz
|
0-0: Foul Ball, location: 2F 0-1: Ball 1-1: Foul Ball, location: 2F 1-2: Strikes out swinging
|
| Bottom of the 3rd over - 2 runs, 3 hits, 0 errors, 2 left on base; Miami Beach 5 - Tijuana 3 |
| TOP OF THE 4TH |
|
Miami Beach Marlins batting - Pitching for Tijuana Toros : RHP Steve Powell
|
|
Now in CF: Erick Hamburger
|
|
|
Batting: RHB Hektor Luvian
|
0-0: Ball 1-0: SOLO HOME RUN (Flyball, 9D, EV 95.0 MPH), Distance : 365 ft
|
|
Pitching: RHP Malik Victor
|
|
|
Batting: RHB Torquato Uso
|
0-0: Called Strike 0-1: Swinging Strike 0-2: Ground out 6-3 (Groundball, 6S, EV 87.5 MPH)
|
|
Batting: RHB Corbin Chauvin
|
0-0: Ground out 5-3 (Groundball, 5S, EV 64.4 MPH)
|
|
Batting: RHB Troy Bush
|
0-0: Called Strike 0-1: Foul Ball, location: 2F 0-2: Foul Ball, location: 2F 0-2: Foul Ball, location: 2F 0-2: Strikes out swinging
|
| Top of the 4th over - 1 run, 1 hit, 0 errors, 0 left on base; Miami Beach 6 - Tijuana 3 |
| BOTTOM OF THE 4TH |
|
Tijuana Toros batting - Pitching for Miami Beach Marlins : RHP Conrad Chasar
|
|
Batting: RHB Gaylord Wray
|
0-0: Ball 1-0: Ball 2-0: Called Strike 2-1: Ball 3-1: DOUBLE (Flyball, 89XD, EV 100.0 MPH)
|
|
Batting: RHB Clay Holgate
|
0-0: Ball 1-0: Fly out, F9 (Flyball, 9LS, EV 87.5 MPH)
|
|
Batting: LHB Gerardo Arriaga
|
0-0: Swinging Strike 0-1: Ground out 6-3 (Groundball, 6, EV 80.6 MPH)
|
|
Batting: RHB Jerry Afghani
|
0-0: Ball 1-0: Ball 2-0: Called Strike 2-1: Called Strike 2-2: Ball 3-2: SINGLE (Line Drive, 8LS, EV 109.4 MPH) Gaylord Wray to third Runner from 3rd tries for Home, throw by CF and OUT! 8-2
|
| Bottom of the 4th over - 0 runs, 2 hits, 0 errors, 1 left on base; Miami Beach 6 - Tijuana 3 |
| TOP OF THE 5TH |
|
Miami Beach Marlins batting - Pitching for Tijuana Toros : RHP Malik Victor
|
|
Batting: RHB Scott Talbot
|
0-0: Ball 1-0: Ball 2-0: Called Strike 2-1: SINGLE (Line Drive, 89S, EV 108.8 MPH)
|
|
Batting: LHB Henry Huezo
|
0-0: Foul Ball, location: 2F 0-1: Foul Ball, location: 2F 0-2: Strikes out looking
|
|
Batting: RHB Josh Jones
|
0-0: Called Strike 0-1: Ball 1-1: Ball Scott Talbot is caught stealing 2nd base 2-4 2-1: Called Strike 2-2: Ball 3-2: Base on Balls
|
|
Batting: RHB Francisco Valenzuela
|
0-0: Called Strike 0-1: Ball Josh Jones is caught stealing 2nd base 2-4
|
| Top of the 5th over - 0 runs, 1 hit, 0 errors, 0 left on base; Miami Beach 6 - Tijuana 3 |
| BOTTOM OF THE 5TH |
|
Tijuana Toros batting - Pitching for Miami Beach Marlins : RHP Conrad Chasar
|
|
Batting: RHB Guo Kwok
|
0-0: Ball 1-0: Called Strike 1-1: Ground out 4-3 (Groundball, 4S, EV 78.1 MPH)
|
|
Batting: RHB Shiki Nomoto
|
0-0: Ground out 6-3 (Groundball, 4M, EV 93.8 MPH)
|
|
Batting: RHB John Hanson
|
0-0: Swinging Strike 0-1: Called Strike 0-2: Foul Ball, location: 2F 0-2: Foul Ball, location: 2F 0-2: Ball 1-2: Foul Ball, location: 2F 1-2: Strikes out swinging
|
| Bottom of the 5th over - 0 runs, 0 hits, 0 errors, 0 left on base; Miami Beach 6 - Tijuana 3 |
| TOP OF THE 6TH |
|
Miami Beach Marlins batting - Pitching for Tijuana Toros : RHP Malik Victor
|
|
Batting: RHB Francisco Valenzuela
|
0-0: Ball 1-0: Fly out, F9 (Flyball, 9, EV 90.0 MPH)
|
|
Batting: RHB Xin Zhang
|
0-0: Called Strike 0-1: Called Strike 0-2: Ball 1-2: Ground out 6-3 (Groundball, 6, EV 111.2 MPH)
|
|
Batting: RHB Hektor Luvian
|
0-0: Ball 1-0: Called Strike 1-1: Foul Ball, location: 2F 1-2: Ball 2-2: Strikes out swinging
|
| Top of the 6th over - 0 runs, 0 hits, 0 errors, 0 left on base; Miami Beach 6 - Tijuana 3 |
| BOTTOM OF THE 6TH |
|
Tijuana Toros batting - Pitching for Miami Beach Marlins : RHP Conrad Chasar
|
|
Batting: SHB Erick Hamburger
|
0-0: Swinging Strike 0-1: Called Strike 0-2: Ball 1-2: Foul Ball, location: 2F 1-2: DOUBLE (Line Drive, 89XD, EV 100.0 MPH)
|
|
Batting: RHB Mario Diaz
|
0-0: Ball 1-0: Ball 2-0: Foul Ball, location: 2F 2-1: Ball 3-1: Base on Balls
|
|
Batting: RHB Gaylord Wray
|
0-0: Ball 1-0: Swinging Strike 1-1: Grounds into double play, 6-4-3 (Groundball, 6S, EV 81.2 MPH) Erick Hamburger to third
|
|
Batting: RHB Clay Holgate
|
0-0: Called Strike 0-1: Ball 1-1: Ground out 5-3 (Groundball, 56S, EV 79.4 MPH)
|
| Bottom of the 6th over - 0 runs, 1 hit, 0 errors, 1 left on base; Miami Beach 6 - Tijuana 3 |
| TOP OF THE 7TH |
|
Miami Beach Marlins batting - Pitching for Tijuana Toros : RHP Malik Victor
|
|
Pitching: RHP Matt Radovich
|
|
|
Batting: RHB Torquato Uso
|
0-0: Called Strike 0-1: Fly out, F9 (Flyball, 9D, EV 94.4 MPH)
|
|
Batting: RHB Corbin Chauvin
|
0-0: Foul Ball, location: 2F 0-1: Foul Ball, location: 2F 0-2: Strikes out swinging
|
|
Batting: RHB Troy Bush
|
0-0: Ball 1-0: Ball 2-0: DOUBLE (Line Drive, 7LD, EV 109.4 MPH)
|
|
Batting: RHB Scott Talbot
|
0-0: Foul Ball, location: 2F 0-1: Swinging Strike 0-2: Fly out, F9 (Flyball, 89M, EV 88.8 MPH)
|
| Top of the 7th over - 0 runs, 1 hit, 0 errors, 1 left on base; Miami Beach 6 - Tijuana 3 |
| BOTTOM OF THE 7TH |
|
Tijuana Toros batting - Pitching for Miami Beach Marlins : RHP Conrad Chasar
|
|
Pitching: LHP Matt Rielly
|
|
|
Pinch Hitting: RHB Jaylen North
|
0-0: Called Strike 0-1: Foul Ball, location: 2F 0-2: Ball 1-2: Strikes out looking
|
|
Pitching: RHP Konoye Murakami
|
|
|
Batting: RHB Jerry Afghani
|
0-0: Called Strike 0-1: Ground out 4-3 (Groundball, 4, EV 85.6 MPH)
|
|
Batting: RHB Guo Kwok
|
0-0: Called Strike 0-1: Foul Ball, location: 2F 0-2: Strikes out swinging
|
| Bottom of the 7th over - 0 runs, 0 hits, 0 errors, 0 left on base; Miami Beach 6 - Tijuana 3 |
| TOP OF THE 8TH |
|
Miami Beach Marlins batting - Pitching for Tijuana Toros : RHP Matt Radovich
|
|
Now in RF: Luis Diaz
|
|
|
Batting: LHB Henry Huezo
|
0-0: Ball 1-0: Foul Ball, location: 2F 1-1: Called Strike 1-2: Foul Ball, location: 2F 1-2: Strikes out swinging
|
|
Batting: RHB Josh Jones
|
0-0: Ball 1-0: Ball 2-0: Called Strike 2-1: Swinging Strike 2-2: Ball 3-2: Base on Balls
|
|
Pitching: RHP Chris Moody
|
|
|
Batting: RHB Francisco Valenzuela
|
0-0: Called Strike Josh Jones is caught stealing 2nd base 2-4 0-1: Called Strike 0-2: Fly out, F7 (Flyball, 7D, EV 108.1 MPH)
|
| Top of the 8th over - 0 runs, 0 hits, 0 errors, 0 left on base; Miami Beach 6 - Tijuana 3 |
| BOTTOM OF THE 8TH |
|
Tijuana Toros batting - Pitching for Miami Beach Marlins : RHP Konoye Murakami
|
|
Batting: RHB Shiki Nomoto
|
0-0: Fly out, F9 (Flyball, 9D, EV 104.4 MPH)
|
|
Batting: RHB John Hanson
|
0-0: Foul Ball, location: 2F 0-1: Foul Ball, location: 2F 0-2: Ball 1-2: Fly out, F7 (Flyball, 7S, EV 82.5 MPH)
|
|
Batting: SHB Erick Hamburger
|
0-0: Ball 1-0: Foul Ball, location: 2F 1-1: Called Strike 1-2: Strikes out looking
|
| Bottom of the 8th over - 0 runs, 0 hits, 0 errors, 0 left on base; Miami Beach 6 - Tijuana 3 |
| TOP OF THE 9TH |
|
Miami Beach Marlins batting - Pitching for Tijuana Toros : RHP Chris Moody
|
|
Pinch Hitting: LHB Takao Ogura
|
0-0: Swinging Strike 0-1: Ball 1-1: Ball 2-1: Called Strike 2-2: Ball 3-2: Foul Ball, location: 2F 3-2: Foul Ball, location: 2F 3-2: Foul Ball, location: 2F 3-2: Strikes out swinging
|
|
Pinch Hitting: SHB Emmet Brickowski
|
0-0: Foul Ball, location: 2F 0-1: SINGLE (Line Drive, 8RS, EV 107.5 MPH)
|
|
Batting: RHB Torquato Uso
|
0-0: Ball Emmet Brickowski steals 2nd base 1-0: Intentional Walk
|
|
Batting: RHB Corbin Chauvin
|
0-0: Ball 1-0: Called Strike 1-1: Swinging Strike 1-2: Ball 2-2: Ball 3-2: Strikes out swinging
|
|
Batting: RHB Troy Bush
|
0-0: Foul Ball, location: 2F 0-1: Ball 1-1: Ball 2-1: Foul Ball, location: 2F 2-2: Fly out, F8 (Flyball, 8RXD, EV 99.4 MPH)
|
| Top of the 9th over - 0 runs, 1 hit, 0 errors, 2 left on base; Miami Beach 6 - Tijuana 3 |
| BOTTOM OF THE 9TH |
|
Tijuana Toros batting - Pitching for Miami Beach Marlins : RHP Konoye Murakami
|
|
Pitching: RHP Kyle Beabout
|
|
|
Now at 1B: Kazumi Inouye
|
|
|
Now at 3B: Brent King
|
|
|
Batting: RHB Mario Diaz
|
0-0: Ball 1-0: Ball 2-0: Ball 3-0: Called Strike 3-1: Ground out U3 (Groundball, 13, EV 88.8 MPH)
|
|
Pinch Hitting: RHB Will Barksdale
|
0-0: SINGLE (Groundball, 56S, EV 62.5 MPH) (infield hit)
|
|
Batting: RHB Tony Vasquez
|
0-0: Called Strike 0-1: SINGLE (Line Drive, 56, EV 107.5 MPH) Will Barksdale to second
|
|
Batting: SHB Luis Diaz
|
0-0: Ball 1-0: Ball 2-0: Grounds into double play, 3-6-3 (Groundball, 3, EV 88.1 MPH)
|
| Bottom of the 9th over - 0 runs, 2 hits, 0 errors, 1 left on base; Miami Beach 6 - Tijuana 3 |
|